Map: Frost LE

Players

Gracz - Winner!

  • Race: Zerg Zerg
  • League: Bronze

MagGorin

  • Race: Terran Terran
  • League: Silver

VOD

Have the link to the VOD?

Description

Time

  • Played on: Sept. 2, 2016, 5:53 p.m.
  • Length: 24:54
Show
View Real Time Build Order
Export as new Build Order

Gracz Zerg - Winner!

Build Orders: Pool First 

Get SALT Encoding   

  12  0:01  Drone  
  13  0:20  Overlord, Drone  
  14  0:47  Drone x3  
  17  0:54  Spawning Pool  
  17  0:56  Extractor  
  15  0:59  Drone  
  16  1:21  Drone x2  
  16  1:24  Extractor  
  17  1:45  Drone x2  
  19  1:57  Drone  
  19  1:58  Queen  
  22  2:11  Hatchery  
  21  2:25  Hatchery  
  20  2:37  Drone  
  20  2:38  Drone  
  20  2:40  Overlord  
  22  3:26  Drone  
  23  3:39  Drone  
  24  3:47  Queen  
  26  3:52  Lair  
  26  4:00  Roach Warren  
  25  4:08  Evolution Chamber  
  24  4:12  Evolution Chamber  
  24  4:13  Drone x3  
  26  4:27  Drone  
  26  4:29  Queen  
  26  4:31  Drone x3  
  32  4:43  Queen  
  34  4:53  Overlord x3  
  34  5:10  Queen x2  
  34  5:13  Drone x3  
  41  5:45  Drone x5  
  46  5:51  Hatchery  
  45  6:05  Drone x4  
  49  6:15  Drone  
  49  6:16  Drone x5  
  55  6:20  Zerg Melee Weapons Level 1  
  55  6:21  Zerg Ground Armor Level 1  
  55  6:24  Drone x2  
  55  6:25  Extractor x2, Drone x2  
  57  6:49  Drone  
  57  6:50  Overlord x4  
  58  7:20  Drone  
  58  7:21  Drone x2  
  58  7:22  Drone x5  
  66  8:02  Infestation Pit  
  65  8:08  Spire  
  64  8:29  Queen  
  66  8:39  Drone x3  
  69  8:49  Drone x3  
  69  8:52  Drone  
  73  9:02  Extractor, Drone x3  
  75  9:03  Extractor  
  75  9:05  Queen  
  76  9:10  Hive  
  76  9:42  Nydus Network  
  76  9:52  Drone  
  76  9:53  Drone x2  
  76  9:55  Drone  
  76  9:56  Drone x3  
  76  9:58  Extractor  
  76  9:59  Extractor  
  80  10:38  Overlord  
  80  10:39  Overlord x8  
  80  10:47  Overseer x4  
  80  10:56  Nydus Canal  
  80  11:10  Nydus Canal  
  80  11:24  Nydus Canal  
  80  11:37  Ultralisk Cavern  
  80  11:38  Corruptor  
  80  11:39  Corruptor x6  
  93  12:07  Queen  
  93  12:08  Queen  
  95  12:10  Queen  
  95  12:12  Queen  
  101  12:33  Ultralisk  
  101  12:34  Ultralisk x10  
  101  12:36  Overlord  
  101  12:37  Overlord x6  
  167  12:39  Chitinous Plating  
  167  12:42  Zerg Ground Armor Level 2, Zerg Missile Weapons Level 1  
  167  12:49  Greater Spire  
  167  13:09  Metabolic Boost  
  167  13:11  Glial Reconstitution  
  167  13:41  Corruptor x5  
  167  13:45  Zergling x4  
  167  13:46  Zergling x10  
  167  13:47  Roach x4, Ultralisk  
  198  14:28  Adrenal Glands  
  198  14:30  Tunneling Claws  
  198  14:31  Brood Lord  
  200  14:44  Spine Crawler  
  199  14:49  Spore Crawler  
  198  14:53  Spore Crawler  
  198  14:54  Spine Crawler  
  198  14:56  Spore Crawler  
  198  14:58  Zerg Melee Weapons Level 2  
  195  15:01  Spore Crawler  
  195  15:04  Spore Crawler  
  195  15:05  Spore Crawler  
  192  15:07  Spore Crawler  
  192  15:11  Brood Lord  
  192  15:12  Brood Lord x3  
  199  15:22  Spine Crawler  
  198  15:31  Brood Lord  
  93  17:00  Queen  
  93  17:01  Queen x3  
  95  17:05  Ultralisk x2  
  95  17:06  Ultralisk x6, Corruptor  
  151  17:35  Queen  
  151  17:36  Queen  
  153  17:37  Queen x2  
  155  18:11  Queen  
  155  18:12  Queen  
  159  18:54  Corruptor x4  
  159  18:55  Corruptor x3  
  169  18:56  Ultralisk  
  169  18:57  Ultralisk  
  141  21:22  Ultralisk x6, Corruptor  
  177  22:25  Hatchery  
  172  22:35  Hatchery  
Show
View Real Time Build Order
Export as new Build Order

MagGorin Terran 

Build Orders: MMM Bio 

Get SALT Encoding   

  12  0:01  SCV  
  13  0:17  SCV  
  14  0:32  Supply Depot  
  14  1:03  Barracks  
  14  1:11  SCV  
  14  1:12  Barracks  
  14  1:16  Refinery  
  15  1:23  SCV  
  16  1:55  Marine  
  16  1:58  Orbital Command  
  16  2:01  Marine  
  18  2:13  Marine  
  18  2:14  Command Center  
  19  2:19  Marine  
  20  2:43  Barracks Tech Lab  
  20  2:53  Barracks Reactor  
  20  2:56  SCV  
  21  3:06  Refinery  
  21  3:08  Marine  
  22  3:26  Marine  
  23  3:41  SCV  
  24  3:48  Marine x2  
  24  3:50  Marauder  
  24  3:53  SCV  
  29  4:00  Supply Depot  
  29  4:02  SCV  
  30  4:05  SCV  
  31  4:12  Marauder  
  31  4:14  Marine x2, SCV  
  31  4:15  Factory  
  36  4:17  SCV  
  37  4:30  SCV  
  38  4:31  Supply Depot  
  38  4:33  Marauder  
  40  4:40  Combat Shields  
  40  4:44  SCV  
  41  4:51  Marine  
  41  4:52  Marine  
  43  4:54  SCV, Marauder  
  46  5:02  Factory Tech Lab  
  46  5:06  SCV  
  47  5:09  Marine  
  47  5:10  Engineering Bay  
  47  5:11  Starport  
  48  5:16  Marauder  
  48  5:19  SCV  
  51  5:24  Siege Tank  
  54  5:51  Missile Turret  
  54  6:00  Stimpack  
  54  6:39  Supply Depot  
  54  6:42  Terran Infantry Weapons Level 1  
  54  7:00  Marine x2, Medivac  
  54  7:01  Siege Tank, SCV  
  62  7:03  Refinery  
  62  7:15  Supply Depot  
  62  7:36  Marine x2  
  70  7:37  Siege Tank, SCV, Marauder  
  70  7:40  Barracks  
  70  8:01  Concussive Shells, Supply Depot  
  70  8:23  Marine, Siege Tank, SCV x2, Marauder  
  78  8:47  Barracks Reactor  
  78  8:51  Barracks  
  78  8:54  Terran Infantry Armor Level 1  
  78  9:01  Armory  
  78  9:45  Barracks Tech Lab, Supply Depot  
  78  10:00  Terran Vehicle Weapons Level 1  
  78  10:06  Marine x5, Medivac  
  78  10:07  SCV  
  86  10:08  Supply Depot  
  86  10:28  Command Center  
  86  10:29  Marine, Siege Tank, SCV x2  
  86  10:30  Marauder  
  94  10:37  Refinery  
  94  10:38  Starport Tech Lab  
  94  10:50  Supply Depot  
  94  10:54  Terran Infantry Weapons Level 2  
  94  11:11  Marine x5, Siege Tank  
  94  11:12  Supply Depot  
  102  11:34  Marine x3, Marauder, SCV, Raven  
  110  11:40  Marine x2  
  110  11:43  Siege Tank  
  110  11:46  Missile Turret, SCV  
  116  11:52  Marine x3  
  119  11:54  Terran Vehicle And Ship Armor Level 1  
  119  11:56  Marauder  
  119  11:58  Marine x2, SCV  
  124  12:09  Marine  
  125  12:20  Supply Depot  
  125  12:41  Marine x4  
  125  12:42  Marauder x2  
  133  12:44  Supply Depot  
  133  13:05  Marine x5, Siege Tank  
  133  13:10  Terran Infantry Armor Level 2  
  141  13:39  Supply Depot  
  141  13:49  Terran Ship Weapons Level 1  
  141  14:00  Marine x4, Viking  
  141  14:01  Marauder  
  141  14:02  Supply Depot  
  149  14:03  Refinery  
  149  14:16  Marauder  
  149  14:23  Marine x5  
  154  14:26  Supply Depot  
  154  14:30  Viking  
  156  14:41  Marine  
  157  14:47  Marine x3  
  157  14:48  Marauder x2  
  164  14:59  Marine  
  165  15:18  Supply Depot  
  165  15:39  Marine, Viking, Siege Tank, Marauder  
  165  15:42  Terran Vehicle Weapons Level 2  
  173  16:24  Marine, Marauder  
  173  16:26  Marine, Viking  
  173  16:29  Marauder  
  173  16:30  Siege Tank  
  138  16:45  Marauder  
  79  16:56  Viking  
  77  17:02  Siege Tank  
  77  17:04  Marine  
  77  17:05  Marine x4  
  77  17:06  Marine  
  86  17:22  Marine  
  83  17:23  Marine x4  
  83  17:24  Marine  
  83  17:26  Medivac  
  80  17:34  Siege Tank  
  66  17:40  Marine x4  
  66  17:41  Marine  
  66  17:42  Marine  
  59  17:56  Medivac  
  59  17:58  Marine x5  
  58  17:59  Marine  
  61  18:06  Siege Tank  
  64  18:16  Marine  
  65  18:21  Marauder  
  65  18:22  Marine  
  65  18:23  Marine x3  
  65  18:26  Medivac  
  73  18:32  Command Center  
  73  18:35  Marauder  
  73  18:40  Terran Vehicle And Ship Armor Level 2, Marine x4  
  79  18:43  Marauder  
  81  18:56  Viking, Marauder  
  81  18:58  Marine x4  
  89  19:04  Marauder  
  91  19:16  Marine x4  
  95  19:17  Marauder  
  95  19:18  Siege Tank  
  100  19:26  Medivac, Marauder  
  101  19:39  Marauder  
  100  19:47  Marauder  
  100  19:50  Siege Tank  
  100  19:56  Medivac  
  93  20:02  Marine  
  93  20:03  Marine x4  
  85  20:08  Marine  
  59  20:20  Marine  
  59  20:21  Marine x4, SCV  
  62  20:22  Siege Tank  
  62  20:26  Marine  
  67  20:33  SCV  
  68  20:38  Marine x3  
  68  20:39  Marine x2  
  73  20:43  Marine  
  72  20:54  Siege Tank  
  72  20:56  Marine x5, Terran Ship Weapons Level 2  
  79  21:01  Marine  
  77  21:14  Marine  
  78  21:33  Command Center  
  78  22:30  Marine  
  78  22:31  Marine x2  
  22  23:25  Marine, Refinery  
  22  23:26  Marine  
  23  23:51  Marine x5  
Tags
 
Add a new tag
Caveats
  • Supply blocks, unpowered buildings, or Contaminate may cause inaccurate times.
  • Supply counts are checked every 10 seconds.